 Dungeon Crawl Stone Soup version 0.23.2-40-g277498a001 (webtiles) character file.

Game seed: 14436021560512493308

303 Emblim88 the Sneak (level 6, 0/29 HPs)
             Began as a Spriggan Artificer on Oct 18, 2019.
             Succumbed to an adder's poison
             ... on level 3 of the Dungeon.
             The game lasted 00:06:13 (2773 turns).

Emblim88 the Sneak (Spriggan Artificer)             Turns: 2773, Time: 00:06:13

Health: 0/29       AC:  2    Str:  8    XL:     6   Next: 15%
Magic:  11/11      EV: 21    Int: 12    God:
Gold:   113        SH:  0    Dex: 19    Spells: 5/5 levels left

rFire    . . .     SeeInvis +   r - +2 short sword (flame)
rCold    . . .     Gourm    .   (shield restricted)
rNeg     . . .     Faith    .   b - +0 robe
rPois    .         Spirit   .   (helmet restricted)
rElec    .         Reflect  .   (no cloak)
rCorr    .         Harm     .   (gloves unavailable)
MR       +....                  (boots unavailable)
Stlth    ++++......             (no amulet)
HPRegen  0.09/turn              (no ring)
MPRegen  0.12/turn              (no ring)

@: lethally poisoned (0 -> -6), very quick
A: very small, unfitting armour, see invisible, herbivore, speed 3, slow
metabolism 2
a: no special abilities


You were on level 3 of the Dungeon.
You were not hungry.

You visited 1 branch of the dungeon, and saw 3 of its levels.

You collected 113 gold pieces.

Inventory:

Hand Weapons
 a - a +0 short sword
 r - a +2 short sword of flaming (weapon)
Armour
 b - a +0 robe (worn)
Wands
 d - a wand of enslavement (14)
 e - a wand of random effects (7)
Scrolls
 h - a scroll of enchant armour {unknown}
 j - 2 scrolls of teleportation {unknown}
 l - 3 scrolls of remove curse {unknown}
 m - 6 scrolls of identify {unknown}
 n - a scroll of fear {unknown}
 o - 2 scrolls of magic mapping {unknown}
 p - 2 scrolls of fog {unknown}
Potions
 c - a potion of invisibility {unknown}
 g - 3 potions of lignification {unknown}
 i - 2 potions of flight {unknown}
 k - 2 potions of brilliance {unknown}
 q - a potion of curing {unknown}
Comestibles
 f - 4 rations


   Skills:
 - Level 0.7 Fighting
 + Level 2.7 Short Blades
 + Level 5.0 Dodging
 * Level 6.5 Stealth
 + Level 5.4 Evocations


You had 5 spell levels left.
You didn't know any spells.
Your spell library contained the following spells:

 Spells                   Type           Power        Failure   Level  Hunger
 Beastly Appendage        Tmut           #.....       32%         1    ##.....
 Sticks to Snakes         Tmut           #.......     45%         2    ###....
 Spider Form              Tmut/Pois      #.........   69%         3    ####...
 Ice Form                 Ice/Tmut       #.......     97%         4    #####..
 Blade Hands              Tmut           #.........   100%        5    ######.


Dungeon Overview and Level Annotations

Branches:
Dungeon (3/15)

Altars:


Innate Abilities, Weirdness & Mutations

You are very small and have problems with some larger weapons.
You are too small for most types of armour.
You have supernaturally acute eyesight. (SInv)
You are a herbivore.
You cover ground extremely quickly.
You need to consume almost no food.


Message History

The adder barely misses you. The hobgoblin closely misses you.
The adder closely misses you.
You feel sick. The hobgoblin closely misses you.
The adder completely misses you. The adder completely misses you.
The hobgoblin misses you. The adder bites you.
* * * LOW HITPOINT WARNING * * *
The hobgoblin closely misses you. The adder closely misses you.
You feel sick. The adder completely misses you. The hobgoblin misses you.
The adder barely misses you. The hobgoblin completely misses you.
The adder closely misses you. The hobgoblin closely misses you.
The adder completely misses you. The adder misses you.
The hobgoblin closely misses you.
You feel sick. The adder misses you. The hobgoblin misses you.
The adder completely misses you. The adder bites you.
* * * LOW HITPOINT WARNING * * *
You are more poisoned.
The adder poisons you! The hobgoblin misses you. The adder misses you.
You die...

#.........
#.........
#.........
#.........
#.........
####.#####
############.#
#..........#.#
#@########'#'##
#....Sg....##.....#
#..........##.....#
#..........##....)#
###+#'########.#'##
#.# #.#.# ... ..#.#
#.# ####.# ..#


You could see an adder and a hobgoblin.

Vanquished Creatures
  Sigmund (D:2)
  An orc wizard (D:3)
  Jessica (D:2)
  Natasha (D:2)
  2 adders (D:2)
  A dart slug (D:1)
  2 orcs (D:3)
  6 bats
  A giant cockroach (D:1)
  6 hobgoblins
  4 jackals (D:3)
  2 frilled lizards (D:2)
  6 goblins
  7 kobolds
  5 rats (D:1)
46 creatures vanquished.

Vanquished Creatures (collateral kills)
  A giant cockroach (D:2)
1 creature vanquished.

Grand Total: 47 creatures vanquished

Notes
Turn   | Place    | Note
-------+----------+-------------------------------------------
     0 | D:1      | Emblim88 the Spriggan Artificer began the quest for the
                  | Orb.
     0 | D:1      | Reached XP level 1. HP: 9/9 MP: 4/4
    40 | D:1      | Reached skill level 2 in Stealth
   134 | D:1      | Reached XP level 2. HP: 14/14 MP: 6/6
   193 | D:1      | Reached skill level 3 in Stealth
  1039 | D:2      | Reached XP level 3. HP: 17/17 MP: 7/7
  1679 | D:2      | Found a faded altar of an unknown god.
  1691 | D:2      | Noticed Jessica
  1699 | D:2      | Killed Jessica
  1699 | D:2      | Reached skill level 4 in Stealth
  1699 | D:2      | Reached XP level 4. HP: 21/21 MP: 8/8
  1699 | D:2      | Noticed Natasha
  1741 | D:2      | Killed Natasha
  2056 | D:2      | Noticed Sigmund
  2080 | D:2      | Killed Sigmund
  2080 | D:2      | Reached skill level 6 in Stealth
  2080 | D:2      | Reached skill level 5 in Evocations
  2080 | D:2      | Reached XP level 5. HP: 4/25 MP: 8/10
  2450 | D:3      | Reached XP level 6. HP: 29/29 MP: 11/11
  2458 | D:3      | Reached skill level 5 in Dodging
  2771 | D:3      | HP: 1/29 [adder (4)]
  2773 | D:3      | Succumbed to an adder's poison

Skill      XL: |  1  2  3  4  5  6 |
---------------+-------------------+-----
Stealth        | 2 3 4 6 |  6.5
Dodging        | 4 5 |  5.0
Short Blades   | 2 |  2.7
Evocations     | 5 |  5.4
Fighting       | |  0.7

Action                   |  1- 3 |  4- 6 || total
-------------------------+-------+-------++-------
Melee: Short sword       |    64 |    66 ||   130
Evoke: Wand              |    20 |     4 ||    24
 Stab: Sleeping          |     2 |     4 ||     6
       Paralysed         |     1 |       ||     1
Armor: Robe              |     9 |     3 ||    12
Dodge: Dodged            |    79 |    80 ||   159
